 Seeded DCSS version 0.30.1-4-g462c640d31 (webtiles) character file.

Game seed: 6351066067085065685 (custom seed)

2643 Esekla the Thaumaturge (level 9, -3/45 HPs)
             Began as a Deep Elf Wanderer on Sept 14, 2023.
             Was a Priest of Vehumet.
             Slain by Joseph
             ... wielding a +0 quarterstaff
              (16 damage)
             ... on level 7 of the Dungeon.
             The game lasted 00:52:14 (6598 turns).

Esekla the Thaumaturge (Deep Elf Wanderer)          Turns: 6598, Time: 00:52:14

Health: -3/45      AC:  5    Str: 11    XL:     9   Next: 35%
Magic:  5/25       EV: 12    Int: 23    God:    Vehumet [***...]
Gold:   398        SH:  4    Dex: 11    Spells: 11/29 levels left

rFire   . . .        c - +4 scimitar
rCold   . . .        d - +0 buckler
rNeg    . . .        g - +0 robe
rPois   .            k - +0 helmet
rElec   .            D - +0 cloak
rCorr   .            j - +0 pair of gloves
SInv    .            (no boots)
Will    .....        A - amulet of magic regeneration
Stlth   ++           (no ring)
HPRegen 0.27/turn    (no ring)
MPRegen 0.59/turn

%: no passive effects
@: no status effects
A: no striking features
a: Renounce Religion


You were on level 7 of the Dungeon.
You worshipped Vehumet.
Vehumet was most pleased with you.
You visited 1 branch of the dungeon, and saw 7 of its levels.

You collected 398 gold pieces.

Inventory:

Hand Weapons
 a - a +2 vampiric dagger
 c - a +4 scimitar (weapon)
 r - a +4 trident of venom
 s - the +5 rapier of the Hero {heavy, rN+ Dex+3}
   (You found it on level 3 of the Dungeon)

   Dex:       It affects your dexterity (+3).
   rN:        It protects you from negative energy.
Missiles
 w - 23 poisoned darts (quivered)
 H - 5 curare-tipped darts
Armour
 d - a +0 buckler (worn)
 g - a +0 robe (worn)
 j - a +0 pair of gloves (worn)
 k - a +0 helmet (worn)
 D - a +0 cloak (worn)
Jewellery
 A - an amulet of magic regeneration (around neck)
Wands
 p - a wand of roots (16)
 B - a wand of flame (11)
 F - a wand of mindburst (6)
Scrolls
 m - a scroll of enchant armour {unknown}
 n - 2 scrolls of amnesia {unknown}
 o - 3 scrolls of noise {unknown}
 t - 2 scrolls of fog {unknown}
 u - 5 scrolls of blinking {unknown}
 x - 3 scrolls of enchant weapon {unknown}
 y - a scroll of silence
 z - a scroll of magic mapping
 C - 2 scrolls of fear
 E - 2 scrolls of poison {unknown}
 G - 2 scrolls of teleportation
Potions
 b - 2 potions of lignification
 e - 3 potions of ambrosia
 f - 6 potions of curing
 h - a potion of heal wounds
 i - 6 potions of attraction {unknown}
 l - a potion of mutation
 q - 2 potions of haste
 v - 3 potions of brilliance {unknown}


   Skills:
 + Level 2.5 Short Blades
 + Level 0.7 Throwing
 * Level 4.7 Dodging
 + Level 3.6 Stealth
 * Level 2.8 Shields
 * Level 10.6 Spellcasting
 * Level 2.6 Conjurations
 * Level 5.1 Necromancy
 + Level 3.4 Translocations
 * Level 2.7 Transmutations
 * Level 2.3 Fire Magic
 * Level 2.9 Air Magic
 + Level 2.4 Poison Magic
 + Level 1.0 Invocations


You had 11 spell levels left.
You knew the following spells:

 Your Spells              Type           Power      Damage    Failure   Level
a - Magic Dart            Conj           96%        1d7       1%          1
b - Blink                 Tloc           54%        N/A       2%          2
c - Mephitic Cloud        Conj/Pois/Air  24%        N/A       2%          3
d - Vampiric Draining     Necr           36%        2d8       2%          3
n - Ignite Poison         Fire/Tmut/Pois 23%        N/A       2%          3
p - Apportation           Tloc           54%        N/A       1%          1
t - Teleport Other        Tloc           27%        N/A       5%          3
v - Poisonous Vapours     Pois/Air       48%        N/A       1%          2

Your spell library contained the following spells:

 Spells                   Type           Power      Damage    Failure   Level
 Lesser Beckoning         Tloc           54%        N/A       2%          2
 Gell's Gravitas          Tloc           27%        N/A       5%          3
 Spider Form              Tmut/Pois      24%        N/A       8%          3
 Cause Fear               Hex            6%         N/A       58%         4
 Summon Mana Viper        Hex/Summ       12%        N/A       91%         5


Dungeon Overview and Level Annotations

Branches:
Dungeon (7/15)             Temple (0/1) D:6

Altars:
Dithmenos
Fedhas
Hepliaklqana
Okawaru
Qazlal
Trog
Vehumet
Zin
The Shining One

Shops:
D:2 =   D:4 (

Annotations:
D:2 black bear
D:7 Joseph


Message History

Aim: Joseph, wielding a +0 quarterstaff and wearing a +0 leather armour (heavily wounded)
You draw life force from Joseph!
You feel life coursing into your body. You block Joseph's attack.
Casting: Vampiric Draining (dangerous; 2% risk of failure)
Confirm with . or Enter, or press ? or * to list all spells.
Aiming: Vampiric Draining (dangerous; 2% risk of failure)
Press: ? - help, Shift-Dir - straight line, f/p - Joseph
Aim: Joseph, wielding a +0 quarterstaff and wearing a +0 leather armour (heavily wounded)
You draw life force from Joseph.
You feel life coursing into your body.
Joseph drinks a potion.
Joseph is healed!
Casting: Vampiric Draining (dangerous; 2% risk of failure)
Confirm with . or Enter, or press ? or * to list all spells.
Aiming: Vampiric Draining (dangerous; 2% risk of failure)
Press: ? - help, Shift-Dir - straight line, f/p - Joseph
Aim: Joseph, wielding a +0 quarterstaff and wearing a +0 leather armour (heavily wounded)
You draw life force from Joseph.
You feel life coursing into your body. Joseph hits you with a +0 quarterstaff!
Casting: Vampiric Draining (dangerous; 2% risk of failure)
Confirm with . or Enter, or press ? or * to list all spells.
Aiming: Vampiric Draining (dangerous; 2% risk of failure)
Press: ? - help, Shift-Dir - straight line, f/p - Joseph
Aim: Joseph, wielding a +0 quarterstaff and wearing a +0 leather armour (heavily wounded)
You draw life force from Joseph.
You feel life coursing into your body. Joseph hits you with a +0 quarterstaff!
Casting: Vampiric Draining (dangerous; 2% risk of failure)
Confirm with . or Enter, or press ? or * to list all spells.
Aiming: Vampiric Draining (dangerous; 2% risk of failure)
Press: ? - help, Shift-Dir - straight line, f/p - Joseph
Aim: Joseph, wielding a +0 quarterstaff and wearing a +0 leather armour (heavily wounded)
You draw life force from Joseph!
You feel life coursing into your body. Joseph hits you with a +0 quarterstaff!
* * * LOW HITPOINT WARNING * * *
Casting: Vampiric Draining (dangerous; 2% risk of failure)
Confirm with . or Enter, or press ? or * to list all spells.
Aiming: Vampiric Draining (dangerous; 2% risk of failure)
Press: ? - help, Shift-Dir - straight line, f/p - Joseph
Aim: Joseph, wielding a +0 quarterstaff and wearing a +0 leather armour (severely wounded)
You draw life force from Joseph.
You feel life coursing into your body. Joseph hits you with a +0 quarterstaff!
You die...

#.......#####+##....#
#.......# #.. #....#
#.......# #.#
#....########## #########
#.# #.............#
#######.# #.....#######.#
........#######.#<....#.#
.............##.##.#..#.#
.......@[....'...........
.......#@....#####.####..
.h...>.#.....#.<.....##..
.......#.....#.###.#.##..
.......#.....#.# #.#.##..
.......#.....#.# #.#.##..
########.....#.###.#.##..
#/....#.....#.##..
#############..'..
######..


You could see Joseph.

Vanquished Creatures
  Pikel (D:5)
  A wyvern (D:7)
  Menkaure (D:7)
  An ice beast (D:6)
  A sky beast (D:6)
  A black bear (D:6)
  2 ogres
  A centaur (D:7)
  A phantom (D:7)
  Blork the orc (D:5)
  A kobold brigand (D:6)
  A gnoll sergeant (D:7)
  A bullfrog (D:7)
  2 scorpions (D:5)
  3 wights (D:7)
  A gnoll bouda (D:3)
  5 hounds
  A jelly (D:6)
  Crazy Yiuf (D:7)
  A sleepcap (D:5)
  5 iguanas
  An orc wizard (D:7)
  15 gnolls
  9 adders
  4 white imps
  An ufetubus (D:6)
  A worm (D:4)
  3 dart slugs
  15 orcs
  4 endoplasms
  8 goblins
  5 hobgoblins
  A quokka (D:1)
  6 ball pythons
  4 bats
  4 frilled lizards
  12 kobolds
  A rat (D:2)
127 creatures vanquished.

Notes
Turn   | Place    | Note
-------+----------+-------------------------------------------
     0 | D:1      | Esekla the Deep Elf Wanderer began the quest for the Orb.
     0 | D:1      | Esekla set off with the following items: a +0 club, a
                  | potion of lignification, a +0 robe, a +0 buckler; and the
                  | following spells available to memorise: Apportation, Blink,
                  | Lesser Beckoning, Magic Dart, Ignite Poison, Vampiric
                  | Draining.
     0 | D:1      | Reached XP level 1. HP: 10/10 MP: 7/7
     2 | D:1      | Learned a level 1 spell: Magic Dart
     4 | D:1      | Learned a level 1 spell: Apportation
   353 | D:4      | Found a radiant altar of Vehumet.
   364 | D:4      | Found an iron altar of Okawaru.
   375 | D:4      | Found a glowing silver altar of Zin.
   459 | D:4      | Became a worshipper of Vehumet
   692 | D:3      | Reached skill level 5 in Spellcasting
   692 | D:3      | Reached XP level 2. HP: 13/15 MP: 8/10
   695 | D:3      | Learned a level 2 spell: Blink
  1001 | D:3      | Identified the +5 rapier of the Hero {heavy, rN+ Dex+3}
  1014 | D:2      | Found Renulab's Jewellery Shop.
  1317 | D:2      | Reached XP level 3. HP: 19/19 MP: 11/11
  1321 | D:2      | Learned a level 3 spell: Vampiric Draining
  1412 | D:3      | Found a stormy altar of Qazlal.
  1436 | D:3      | Reached skill level 1 in Dodging
  1436 | D:3      | Reached skill level 1 in Necromancy
  1436 | D:3      | Reached XP level 4. HP: 3/24 MP: 8/13
  1531 | D:3      | Found a hazy altar of Hepliaklqana.
  1531 | D:3      | Found a bloodstained altar of Trog.
  1784 | D:3      | Reached skill level 6 in Spellcasting
  1836 | D:1      | Reached * piety under Vehumet
  1836 | D:1      | Offered knowledge of Sandblast by Vehumet.
  2118 | D:1      | Learned a level 3 spell: Teleport Other
  2449 | D:2      | Reached skill level 1 in Conjurations
  2473 | D:1      | Reached XP level 5. HP: 22/28 MP: 2/16
  2604 | D:2      | Found a faded altar of an unknown god.
  2673 | D:2      | Noticed a black bear
  2809 | D:4      | Found Ponaysk's Antique Weapon Boutique.
  3033 | D:3      | Reached skill level 7 in Spellcasting
  3136 | D:4      | Found a glowing golden altar of the Shining One.
  3202 | D:5      | Entered Level 5 of the Dungeon
  3205 | D:5      | Got the Parchment of the Lumpy Olives
  3228 | D:5      | Found a shadowy altar of Dithmenos.
  3360 | D:5      | Reached skill level 1 in Short Blades
  3360 | D:5      | Reached XP level 6. HP: 32/32 MP: 15/18
  3577 | D:4      | Reached ** piety under Vehumet
  3577 | D:4      | Offered knowledge of Poisonous Vapours by Vehumet.
  3583 | D:4      | Learned a level 2 spell: Poisonous Vapours
  3980 | D:5      | Reached skill level 1 in Poison Magic
  3980 | D:5      | Reached XP level 7. HP: 35/36 MP: 16/20
  4272 | D:6      | Reached skill level 8 in Spellcasting
  4362 | D:6      | Found a staircase to the Ecumenical Temple.
  4605 | D:6      | Reached skill level 1 in Air Magic
  4630 | D:6      | Found a blossoming altar of Fedhas.
  4743 | D:6      | Noticed Pikel
  4767 | D:6      | Noticed Blork the orc
  4795 | D:6      | Reached XP level 8. HP: 16/41 MP: 15/22
  4943 | D:5      | Reached skill level 9 in Spellcasting
  5405 | D:7      | Found a runed translucent door.
  5406 | D:7      | Noticed Crazy Yiuf
  5415 | D:7      | Killed Crazy Yiuf
  5467 | D:7      | Offered knowledge of Mephitic Cloud by Vehumet.
  5473 | D:7      | Learned a level 3 spell: Mephitic Cloud
  5477 | D:7      | Learned a level 3 spell: Ignite Poison
  5627 | D:7      | Noticed Menkaure
  5632 | D:7      | Killed Menkaure
  5685 | D:7      | Reached skill level 1 in Transmutations
  5685 | D:7      | Reached skill level 1 in Fire Magic
  5955 | D:6      | Reached *** piety under Vehumet
  5956 | D:6      | Reached skill level 10 in Spellcasting
  6029 | D:5      | Killed Blork the orc
  6057 | D:5      | Killed Pikel
  6058 | D:5      | Reached skill level 5 in Necromancy
  6058 | D:5      | Reached XP level 9. HP: 21/45 MP: 14/25
  6365 | D:7      | Noticed Joseph
  6598 | D:7      | Slain by Joseph

Illustrated notes

Levels and vault maps discovered:
D:1:      sevenhm_arrival_forest_fort_small_3, layout_rooms,
          chequers_serial_rivers_room_b, minmay_misc_feat_five
D:2:      layout_loops_ring, dreamdust_ecumenical_altar_angels_and_demons,
          serial_shops, shop
D:3:      layout_basic, grunt_temple_overflow_open, minmay_misc_feat_iff
D:4:      layout_basic, nicolae_overflow_quartered_altars, serial_shops,
          nicolae_diamond_shop
D:5:      layout_loops_ring, lemuel_doored_altar, minmay_misc_feat_rows,
          dreamdust_wishing_well
D:6:      layout_loops_cross, fedhas_altar_fruit_tree,
          minmay_temple_entry_glass, uniq_pikel, uniq_blork_the_orc
D:7:      layout_basic, uniq_menkaure, uniq_joseph, uniq_crazy_yiuf_cottage

Skill      XL: |  1  2  3  4  5  6  7  8  9 |
---------------+----------------------------+-----
Spellcasting   | 5 6 7 8 10 | 10.6
Dodging        | 1 2 3 4 |  4.7
Necromancy     | 1 2 3 4 5 |  5.1
Conjurations   | 1 2 |  2.6
Short Blades   | 1 2 |  2.5
Translocations | 3 |  3.4
Poison Magic   | 1 2 |  2.4
Shields        | 2 |  2.8
Air Magic      | 1 2 |  2.9
Stealth        | 2 3 |  3.6
Transmutations | 2 |  2.7
Fire Magic     | 1 2 |  2.3
Throwing       | |  0.7
Invocations    | |  1.0

Action                     |  1- 3 |  4- 6 |  7- 9 || total
---------------------------+-------+-------+-------++-------
  Melee: Short sword       |    55 |    36 |       ||    91
         Dagger            |       |    64 |    90 ||   154
         Rapier            |       |    10 |    38 ||    48
  Throw: Dart              |       |    16 |     7 ||    23
   Cast: Magic Dart        |    37 |    76 |    17 ||   130
         Apportation       |    28 |    32 |    20 ||    80
         Vampiric Draining |       |    19 |    44 ||    63
         Poisonous Vapours |       |       |    31 ||    31
         Teleport Other    |       |       |     7 ||     7
         Blink             |       |       |     1 ||     1
  Evoke: Wand              |     1 |       |    11 ||    12
    Use: Scroll            |     1 |       |     8 ||     9
         Potion            |       |       |     1 ||     1
   Stab: Sleeping          |     1 |     3 |     5 ||     9
 Armour: Robe              |    34 |    27 |    34 ||    95
  Dodge: Dodged            |    63 |    61 |    96 ||   220
  Block: Buckler           |    18 |    24 |    33 ||    75
